 Dungeon Crawl Stone Soup version 0.30.0-29-ga12c61a403 (webtiles) character file.

Game seed: 286799584495957154

34 belegose the Vexing (level 3, -3/18 HPs)
             Began as a Vine Stalker Hexslinger on June 10, 2023.
             Succumbed to a kobold's poison
             ... on level 1 of the Dungeon.
             The game lasted 00:03:47 (622 turns).

belegose the Vexing (Vine Stalker Hexslinger)        Turns: 622, Time: 00:03:48

Health: -3/18      AC:  2    Str: 12    XL:     3   Next: 31%
Magic:  3/6        EV: 12    Int: 15    God:
Gold:   58         SH:  0    Dex: 14    Spells: 4/5 levels left

rFire   . . .        a - +1 sling
rCold   . . .        (no shield)
rNeg    . . .        c - +0 robe
rPois   .            (no helmet)
rElec   .            (no cloak)
rCorr   .            (no gloves)
SInv    .            (no boots)
Will    .....        (no amulet)
Stlth   ++           (no ring)
HPRegen 0.23/turn    (no ring)
MPRegen 0.10/turn

%: guardian spirit
@: lethally poisoned (-3 -> -26)
A: fangs 2, magic shield, antimagic bite, no potion heal 2
a: no special abilities


You were on level 1 of the Dungeon.
You visited 1 branch of the dungeon, and saw 1 of its levels.

You collected 58 gold pieces.

Inventory:

Hand Weapons
 a - a +1 sling (weapon)
 b - a +0 dagger
Missiles
 j - 2 curare-tipped darts
 k - 5 poisoned darts
Armour
 c - a +0 robe (worn)
Scrolls
 d - a scroll of poison
 e - a scroll of teleportation {unknown}
 f - a scroll of immolation {unknown}
 g - a scroll of fear {unknown}
 h - a scroll of amnesia {unknown}
 i - a scroll of magic mapping {unknown}
Potions
 l - a potion of resistance {unknown}
 m - a potion of attraction {unknown}


   Skills:
 + Level 1.4 Fighting
 + Level 2.2 Ranged Weapons
 - Level 1.5 Dodging
 + Level 0.7 Stealth
 + Level 1.7 Spellcasting
 + Level 3.3 Hexes


You had 4 spell levels left.
You knew the following spells:

 Your Spells              Type           Power      Damage    Failure   Level
a - Slow                  Hex            44%        N/A       6%          1

Your spell library contained the following spells:

 Spells                   Type           Power      Damage    Failure   Level
 Magic Dart               Conj           4%         1d3       22%         1
 Call Imp                 Summ           2%         N/A       34%         2
 Inner Flame              Hex/Fire       6%         N/A       34%         3
 Portal Projectile        Hex/Tloc       12%        N/A       34%         3
 Cause Fear               Hex            5%         N/A       50%         4
 Mephitic Cloud           Conj/Pois/Air  1%         N/A       56%         3
 Fireball                 Conj/Fire      0%         3d3       99%         5
 Iskenderun's Battlesphe  Conj           1%         2d6       99%         5
 Conjure Ball Lightning   Conj/Air       0%         3x3d6     100%        6
 Orb of Destruction       Conj           0%         9d5       100%        7


Dungeon Overview and Level Annotations

Branches:
Dungeon (1/15)

Altars:

Shops:
D:1 (?[((


Innate Abilities, Weirdness & Mutations

You have extremely sharp teeth.
When hurt, damage is shared between your health and your magic reserves.
Your bite disrupts and absorbs the magic of your enemies.
Potions cannot restore your health.


Message History

A nearby fungus withers and dies.
An endoplasm comes into view.
The endoplasm quivers.
You shoot a sling bullet.
The sling bullet completely misses the endoplasm.
You shoot a sling bullet. The sling bullet hits the endoplasm.
The endoplasm is heavily wounded.
You shoot a sling bullet.
The sling bullet hits the endoplasm but does no damage.
The endoplasm is heavily wounded.
You shoot a sling bullet. The sling bullet hits the endoplasm.
The endoplasm is almost dead.
You shoot a sling bullet. The sling bullet hits the endoplasm.
You kill the endoplasm!
No target in view!
A kobold comes into view. It is wielding a +2 dagger of venom.
You shoot a sling bullet.
The sling bullet hits the kobold but does no damage.
The kobold shouts!
You shoot a sling bullet.
The sling bullet barely misses the kobold.
The kobold hits you with a +2 dagger of venom.
You shoot a sling bullet. The sling bullet hits the kobold.
The kobold is moderately wounded.
The kobold hits you with a +2 dagger of venom.
You are poisoned.
You shoot a sling bullet.
The sling bullet hits the kobold but does no damage.
The kobold is moderately wounded.
You feel very sick.
The kobold hits you with a +2 dagger of venom.
You are more poisoned.
The kobold hits you with a +2 dagger of venom.
* * * LOW HITPOINT WARNING * * *
You feel very sick. The kobold attacks as you move away!
The kobold hits you with a +2 dagger of venom.
* * * LOW HITPOINT WARNING * * *
You are more poisoned.
You die...

#.###P.P......#
#.# #.PP..PPP.#
#.# #P..P..KP.#
#.# #PP...P...#
#.# #.# # #.# #
#.# # #@# #.#
#K# #...^#
#####.#


You could see a kobold.

Vanquished Creatures
  2 dart slugs (D:1)
  3 endoplasms (D:1)
  3 giant cockroaches (D:1)
  4 goblins (D:1)
  2 hobgoblins (D:1)
  4 kobolds (D:1)
  2 quokkas (D:1)
  A ball python (D:1)
  2 bats (D:1)
  A frilled lizard (D:1)
  2 rats (D:1)
26 creatures vanquished.

Notes
Turn   | Place    | Note
-------+----------+-------------------------------------------
     0 | D:1      | belegose the Vine Stalker Hexslinger began the quest for
                  | the Orb.
     0 | D:1      | Reached XP level 1. HP: 9/9 MP: 3/3
    18 | D:1      | Found Haobafun's Weapon Boutique.
    46 | D:1      | Reached skill level 1 in Fighting
    86 | D:1      | Found Byzagaoh's Magic Scroll Emporium.
   108 | D:1      | Found Nim Tiof's Armour Boutique.
   163 | D:1      | Reached XP level 2. HP: 14/14 MP: 5/5
   190 | D:1      | Found Ismisch's Weapon Boutique.
   479 | D:1      | Reached XP level 3. HP: 18/18 MP: 6/6
   493 | D:1      | Found Vibouqu's Antique Weapon Emporium.
   622 | D:1      | Succumbed to a kobold's poison

Illustrated notes

Levels and vault maps discovered:
D:1:      moated_graveyard_arrival, layout_basic, serial_shops,
          nicolae_shop_hallway_plus, nicolae_shop_stone, nicolae_shop_crystal,
          shop, shop, shapermc_ecumenical_altar_gd, minmay_misc_feat_x

Skill      XL: |  1  2 |
---------------+-------+-----
Fighting       | 1 |  1.4
Ranged Weapons | 2 |  2.2
Dodging        | |  1.5
Stealth        | |  0.7
Spellcasting   | |  1.7
Hexes          | |  3.3

Action                     || total
---------------------------++-------
  Melee: Dagger            ||     1
         Bite              ||     1
   Fire: Sling             ||    84
 Armour: Robe              ||     3
  Dodge: Dodged            ||    17
